 Dungeon Crawl Stone Soup version 0.21.1-1-g345015f (webtiles) character file.

62 poirepourri the Firebug (level 3, -4/26 HPs)
             Began as a Draconian Fire Elementalist on May 11, 2018.
             Slain by Terence
             ... wielding a +0 flail
              (7 damage)
             ... on level 2 of the Dungeon.
             The game lasted 00:02:08 (1932 turns).

poirepourri the Firebug (DrFE)                      Turns: 1932, Time: 00:02:08

Health: -4/26      AC:  8    Str: 10    XL:     3   Next: 85%
Magic:  7/7        EV: 12    Int: 16    God:
Gold:   71         SH:  0    Dex: 11    Spells: 5/8 levels left

rFire    . . .     SeeInvis .   g - +0 short sword
rCold    . . .     Gourm    .   (no shield)
rNeg     . . .     Faith    .   (armour unavailable)
rPois    .         Spirit   .   (helmet restricted)
rElec    .         Reflect  .   (no cloak)
rCorr    .         Harm     .   (no gloves)
MR       .....                  c - +2 pair of boots
Stlth    ++........             (no amulet)
HPRegen  0.08/turn              (no ring)
MPRegen  0.10/turn              (no ring)

@: no status effects
A: unfitting armour, cold-blooded, AC +5
a: no special abilities


You were on level 2 of the Dungeon.
You were not hungry.

You visited 1 branch of the dungeon, and saw 2 of its levels.

You collected 71 gold pieces.

Inventory:

Hand Weapons
 g - a +0 short sword (weapon)
Armour
 c - a +2 pair of boots (worn)
Scrolls
 e - a scroll of teleportation
 h - a scroll of blinking
Potions
 f - a potion of lignification {unknown}
 i - a potion of invisibility {unknown}
 j - a potion of curing {unknown}
 k - a potion of agility {unknown}
Books
 a - a book of Flames

   Spells                             Type                      Level
   a - Flame Tongue                   Conjuration/Fire             1
   b - Throw Flame                    Conjuration/Fire             2
   c - Conjure Flame                  Conjuration/Fire             3
   d - Inner Flame                    Hexes/Fire                   3
   e - Sticky Flame                   Conjuration/Fire             4
   f - Fireball                       Conjuration/Fire             5
Comestibles
 b - 2 rations


   Skills:
 - Level 1.7 Dodging
 - Level 1.7 Stealth
 - Level 3.2 Spellcasting
 - Level 1.0 Conjurations
 + Level 3.8 Fire Magic


You had 5 spell levels left.
You knew the following spells:

 Your Spells              Type           Power        Failure   Level  Hunger
a - Flame Tongue          Conj/Fire      ##...        7%          1    None
b - Throw Flame           Conj/Fire      ##....       10%         2    ##.....


Dungeon Overview and Level Annotations

Branches:
Dungeon (2/15)

Altars:

Annotations:
D:2 Terence


Innate Abilities, Weirdness & Mutations

Your plain brown scales are hard. (AC +5)
You cannot fit into any form of body armour.
You are cold-blooded and may be slowed by cold attacks.


Message History

You completely miss Terence.
Terence is heavily wounded.
Terence hits you with a flail!
You hit Terence.
Terence is heavily wounded.
Terence closely misses you.
Your magical contamination has completely faded away.
You hit Terence.
Terence is severely wounded.
You completely miss Terence. You tail-slap Terence.
Terence is severely wounded.
Terence hits you with a flail!
* * * LOW HITPOINT WARNING * * *
You hit Terence but do no damage.
Terence is severely wounded.
Terence hits you but does no damage.
You barely miss Terence.
Terence is severely wounded.
Terence hits you with a flail!
You die...

.... ..... .# #..# .....
... #..# .... #.# #..#
#.#####.# #..# ........#
###..## ...####.##
#..... .........#
#.#..#####.# ........#
#...@....<..
#.#####.#######@.#####..
### #........!........
################..


You could see Terence.

Vanquished Creatures
  A worker ant (D:2)
  An adder (D:2)
  An ooze (D:1)
  2 dart slugs (D:1)
  A leopard gecko (D:1)
  2 goblins (D:1)
  7 hobgoblins
  A frilled lizard (D:1)
  3 kobolds
  2 rats
21 creatures vanquished.

Notes
Turn   | Place    | Note
-------+----------+-------------------------------------------
     0 | D:1      | poirepourri the Draconian Fire Elementalist began the quest for the Orb.
     0 | D:1      | Reached XP level 1. HP: 14/14 MP: 3/3
   553 | D:1      | Reached XP level 2. HP: 20/20 MP: 0/5
   727 | D:1      | Learned a level 2 spell: Throw Flame
  1434 | D:2      | Reached XP level 3. HP: 22/26 MP: 0/7
  1904 | D:2      | Noticed Terence
  1932 | D:2      | Slain by Terence

Skill      XL: |  1  2 |
---------------+-------+-----
Spellcasting   | 3 |  3.2
Dodging        | |  1.7
Stealth        | |  1.7
Conjurations   | |  1.0
Fire Magic     | |  3.8

Action                   || total
-------------------------++-------
Melee: Short sword       ||    29
       Tailslap          ||     1
 Cast: Flame Tongue      ||    43
       Throw Flame       ||     6
  Use: Scroll            ||     6
       Potion            ||     1
  Eat: Ration            ||     1
Armor: Skin              ||    13
Dodge: Dodged            ||    33
